 Dungeon Crawl Stone Soup version 0.29-a0-322-g68df515428 (webtiles) character file.

Game seed: 11487733979176454921

3 calli0pe the Skirmisher (level 1, 0/18 HPs)
             Began as a Human Berserker on Apr 7, 2022.
             Was a Follower of Trog.
             Slain by a worm (2 damage)
             ... on level 2 of the Dungeon.
             The game lasted 00:00:51 (159 turns).

calli0pe the Skirmisher (Human Berserker)            Turns: 159, Time: 00:00:51

Health: 0/18       AC:  2    Str: 17    XL:     1   Next: 55%
Magic:  1/1        EV: 12    Int:  7    God:    Trog [*.....]
Gold:   24         SH:  0    Dex: 12    Spells: 0/0 levels left

rFire   . . .      SeeInvis .   a - +0 falchion
rCold   . . .      Faith    .   (no shield)
rNeg    . . .      Spirit   .   b - +0 animal skin
rPois   .          Reflect  .   (no helmet)
rElec   .          Harm     .   (no cloak)
rCorr   .          Rampage  .   (no gloves)
Will    .....                   (no boots)
Stlth   +.........              (no amulet)
HPRegen 0.06/turn               (no ring)
MPRegen 0.07/turn               (no ring)

@: no status effects
A: no striking features
a: Renounce Religion, Berserk


You were on level 2 of the Dungeon.
You worshipped Trog.
Trog was aware of your devotion.
You visited 1 branch of the dungeon, and saw 2 of its levels.

You collected 24 gold pieces.

Inventory:

Hand Weapons
 a - a +0 falchion (weapon)
Armour
 b - a +0 animal skin (worn)
Scrolls
 c - a scroll of noise {unknown}
 d - a scroll of identify {unknown}
 f - a scroll of amnesia {unknown}
Potions
 e - 2 potions of heal wounds {unknown}


   Skills:
 + Level 3.1 Fighting
 + Level 3.0 Long Blades
 + Level 2.0 Armour
 + Level 2.0 Dodging


You couldn't memorise any spells.
You didn't know any spells.
Your spell library was empty.

Dungeon Overview and Level Annotations

Branches:
Dungeon (2/15)

Altars:


Message History

Found a scroll labelled LOTERE TOVYR.
Found an escape hatch in the ceiling.
Found a stone staircase leading down.
A rat comes into view.
You see here a +0 leather armour.
You see here a +0 hand axe.
You closely miss the rat. The rat bites you.
You hit the rat.
You kill the rat!
Trog accepts your kill.
c - a scroll labelled LOTERE TOVYR
Found 18 gold pieces.
You now have 18 gold pieces.
Found 6 gold pieces.
Found a scroll labelled URELODGHINON.
Found an escape hatch in the floor.
You now have 24 gold pieces (gained 6).
d - a scroll labelled URELODGHINON You open the door.
Found 2 viscous sapphire potions and a scroll labelled BOCALU PUCOSI.
Found a fizzy purple potion.
There is an open door here.
e - 2 viscous sapphire potions
f - a scroll labelled BOCALU PUCOSI A worm comes into view.
Found a ring mail.
You see here a fizzy purple potion.
The worm completely misses you. The worm bites you!
Ouch! That really hurt!
The worm closely misses you.
You hit the worm.
The worm is moderately wounded.
You hit the worm.
The worm is moderately wounded.
The worm bites you.
* * * LOW HITPOINT WARNING * * *
You slash the worm!
The worm is severely wounded.
The worm bites you.
You die...

#......# #......#
#......# #......#
#......# ##'########
#.........#
#.........########
####........!w@.....## .
#.....................
..#......######..####.##
.........# #..#
.........# #..#
....###+## #..# ..#.
...# ..#. ##[# # .. ...


You could see a worm.

Vanquished Creatures
  A giant cockroach (D:1)
  A ball python (D:1)
  2 rats (D:2)
4 creatures vanquished.

Notes
Turn   | Place    | Note
-------+----------+-------------------------------------------
     0 | D:1      | calli0pe the Human Berserker began the quest for the Orb.
     0 | D:1      | Reached XP level 1. HP: 18/18 MP: 1/1
   159 | D:2      | Slain by a worm

Illustrated notes

Levels and vault maps discovered:
D:1:      beargit_arrival_diablo_church, layout_basic, serial_forest,
          infiniplex_forest_straight_3, infiniplex_forest_lined_corner,
          infiniplex_forest_zigzag_2, infiniplex_forest_clump_double,
          infiniplex_forest_lined_room_2, infiniplex_forest_straight_4,
          infiniplex_forest_straight_1, shapermc_ecumenical_altar_mp_vishouse,
          kennysheep_nondescript
D:2:      layout_basic, dreamdust_wishing_well, minmay_nonomino_d4

Action                   || total
-------------------------++-------
Melee: Falchion          ||    12
Armor: Animal skin       ||     2
Dodge: Dodged            ||    12

Table legend: (Time is in decaauts)
 A = Elapsed time spent in this place.
 B = Non-inter-level travel time spent in this place.
 C = Inter-level travel time spent in this place.
 D = Time resting spent in this place.
 E = Time spent auto-exploring this place.
 F = Levels seen in this place.
 G = Mean time per level.
                   A        B        C        D        E       F      G
               +--------+--------+--------+--------+--------+-----+--------+
         Total |    160 |    160 |      0 |      0 |      0 |   2 |   80.0 |
       Dungeon |    160 |    160 |      0 |      0 |      0 |   2 |   80.0 |
               +--------+--------+--------+--------+--------+-----+--------+

Top non-repeatable levels by time:
     D:2: 93 daAuts
     D:1: 67 daAuts
